[Event "44th Chess Olympiad Open 2022"]
[Site "Chennai"]
[Date "2022.08.03"]
[Round "6.62"]
[White "Lama, Milan"]
[Black "Daniel Kolliemelen"]
[Result "1-0"]
[WhiteElo "2024"]
[BlackElo "1870"]
[Annotator "NA RC"]
[PlyCount "143"]
[EventDate "2022.??.??"]
[TimeControl "60"]

1. e4 e6 2. d4 d5 3. exd5 exd5 4. c4 c6 5. Nc3 Bb4 6. Qb3 Ba5 7. Nf3 Ne7 8. Bd3 O-O 9. O-O dxc4 10. Bxc4 b5 11. Bd3 Bf5 12. Bxf5 Nxf5 13. Rd1 Bxc3 14. Qxc3 Ne7 15. Bg5 f6 16. Bh4 Nd7 17. a4 a6 18. Bg3 Nb6 19. axb5 axb5 20. Rxa8 Qxa8 21. Bd6 Ned5 22. Qc2 Re8 23. Bc5 g6 24. Bxb6 Nxb6 25. Rc1 Re6 26. d5 cxd5 27. Nd4 Re4 28. Nxb5 Qe8 29. Qd3 Re1+ 30. Rxe1 Qxe1+ 31. Qf1 Qd2 32. Qa1 d4 33. h3 Nc8 34. Qa2+ Kg7 35. Qc4 Qe1+ 36. Kh2 Qxf2 37. Qxd4 Qxd4 38. Nxd4 Kf7 39. Kg3 Ke7 40. Kf4 Kd6 41. Ke4 Nb6 42. Nb5+ Kc6 43. Nd4+ Kd6 44. b3 Nd7 45. b4 Nb6 46. Nb5+ Kc6 47. Nc3 Kd6 48. Kd4 f5 49. Nb5+ Ke6 50. Nc7+ Kd6 51. Nb5+ Ke6 52. Na3 g5 53. Nc4 Nd7 54. b5 h5 55. b6 h4 56. b7 f4 57. Nb6 Nb8 58. Ke4 Nc6 59. Nd5 Nb8 60. Nb6 Na6 61. Na4 Kf6 62. Kd5 Kf5 63. Nc5 Nb8 64. Kd6 g4 65. hxg4+ Kxg4 66. Kc7 f3 67. gxf3+ Kxf3 68. Kxb8 h3 69. Ka7 h2 70. b8=Q Kg2 71. Qb2+ Kg1 72. Ne4 1-0

[Event "44th Chess Olympiad Open 2022"]
[Site "Chennai"]
[Date "2022.08.03"]
[Round "6.62"]
[White "Chaulagain, Purushottam"]
[Black "Barcon, Harmon"]
[Result "*"]
[WhiteElo "1975"]
[BlackElo "1902"]
[Annotator "NA RC"]
[PlyCount "91"]
[EventDate "2022.??.??"]
[TimeControl "60"]

1. d4 Nf6 2. Bf4 e6 3. e3 d5 4. Nd2 c5 5. c3 Nc6 6. Ngf3 Bd6 7. Bg3 a6 8. Ne5 Qc7 9. Nxc6 Qxc6 10. Bd3 Bd7 11. Nf3 c4 12. Bc2 Bxg3 13.
hxg3 Qb6 14. Qb1 h6 15. Ne5 Qa5 16. g4 Ke7 17. f4 Ba4 18.
f5 Bxc2 19. Qxc2 Ne4 20. fxe6 Kxe6 21. Nxc4 Qc7 22. Ne5 f6 23. Nd3 Qg3+ 24. Kf1 Qxg4 25. Nf4+ Kf7 26. Rh3 g5 27. Nd3 Rae8 28. Rf3 Qh4 29. Rh3 Qg4 30. Rf3 Qh4 31. Rh3 Qg4 32. Rf3 Qh5 33. Rh3 Qg6 34. Kg1 g4 35. Nf4 Qg7 36. Rh5 g3 37. Qb3 Kf8 38. Qxd5 Ng5 39. Re1 Qf7 40. Qf5 Kg7 41. e4 Re7 42. Rh4 Rf8 43. Nh5+ Kg8 44. Nxg3 Qh7 45. Qxh7+ Kxh7 46. Nf5 *

[Event "44th Chess Olympiad Open 2022"]
[Site "Chennai"]
[Date "2022.08.03"]
[Round "6.62"]
[White "Arnold Smith"]
[Black "Jaiswal, Rupesh"]
[Result "0-1"]
[WhiteElo "1931"]
[BlackElo "2083"]
[Annotator "NA RC"]
[PlyCount "102"]
[EventDate "2022.??.??"]
[TimeControl "60"]

1. d4 Nf6 2. Nf3 g6 3. Bf4 Bg7 4. h3 d6 5. e3 Nbd7 6. Nbd2 O-O 7. Be2 c5 8. c3 Qb6 9. Qb3 cxd4 10. exd4 Qxb3 11. axb3 Nd5 12. Bg5 h6 13. Bh4 Nf4 14. Bf1 Nb6 15. Bg3 Nfd5 16. Bd3 f5 17. O-O f4 18. Bh2 Bf5 19. Bxf5 Rxf5 20. Rfe1 Rf7 21. h4 a6 22. Re6 Bf6 23. Ne4 Nd7 24. c4 Nc7 25. Nxf6+ Nxf6 26. Re2 Ng4 27. Rae1 Kf8 28. Re4 Nxh2 29. Nxh2 e6 30. Ng4 Kg7 31. f3 Rd8 32. R4e2 Rf5 33. Nf2 a5 34. Nd3 Kf6 35. b4 axb4 36. Nxb4 Ra8 37. Nd3 Ra4 38. b4 Ra3 39. c5 Rxd3 40. cxd6 Nb5 41. Rxe6+ Kg7 42. h5 gxh5 43. R1e5 Nxd4 44. Re7+ Rf7 45. Rxf7+ Kxf7 46. Re7+ Kg6 47. Rxb7 Nf5 48. Kf2 Ng3 49. d7 Rd1 50. Rb6+ Kh7 51. d8=Q Rf1# 0-1

[Event "44th Chess Olympiad Open 2022"]
[Site "Chennai"]
[Date "2022.08.03"]
[Round "6.62"]
[White "Bobby Ballah"]
[Black "Thing, Bibek"]
[Result "0-1"]
[WhiteElo "1916"]
[BlackElo "2260"]
[Annotator "TA"]
[PlyCount "65"]
[EventDate "2022.??.??"]
[TimeControl "60"]

1. e4 c5 2. Nc3 g6 3. f4 Bg7 4. Nf3 a6 5. Bc4 b5 6. Bd5 {[%emt 0:01:42] B23:
Closed Sicilian: Lines without g3.} Ra7 {[%emt 0:01:10] [#] White must now
prevent ...e6.} 7. a3 $146 ({Predecessor:} 7. d3 e6 8. Bb3 Ne7
9. O-O d5 10. a3 Bb7 11. Qe1 O-O 12. Qh4 c4 13. Ba2 {0-1 (38) De Vega
Fernandez,F (1784)-Jordan Martinez,D (2095) Caleta 2018}) 7... c4 {[%emt 0:00:
00] [#]} (7... d6 $11) 8. e5 ({White has to play} 8. d3 $1 $16
) 8... e6 $15 9. Be4 {[%emt 0:00:57] White is on the road to
losing.} ({White should play} 9. Ne4 $1 $15) 9... d5 $17 10.
exd6 f5 11. O-O Qxd6 $19 (11... fxe4 12. Nxe4 Nf6 13. d3) 12. Qe2 Nf6 13. Qe3 (13. d3 {was called for.}) 13... Rc7 14. Ba8 Ng4 15. Qe2 Ra7 (15... Qxf4 16. Nd5 Qd6 17. Nxc7+ Qxc7 18. Kh1 $15
) 16. Bd5 O-O 17. h3 Nf6 (17... exd5 $2 18. hxg4 d4 19. gxf5 dxc3 20. dxc3 $19) 18. Qe3 Rff7 19. Ne5 Nxd5 {[%emt 0:
00:00] Black is clearly winning.} ({Not} 19... exd5 $2 20. Nxf7 Rxf7 21. d4 $19
) 20. Nxf7 Rxf7 ({Worse is} 20... Nxe3 21.
Nxd6 Nxf1 22. Nxc8 $17) 21. Nxd5 Qxd5 ({
Wrong is} 21... exd5 $2 22. d4 $19) 22. c3 {[%emt 0:12:42] Prevents Bd4.} Bb7 23. Qg3 Nc6 24. a4 e5 25. d3 cxd3 26. axb5 Qxb5 27. fxe5 Nxe5 28. Rf2 Rd7 29. Be3 Nc4 {[%emt 0:00:00] And now ...
Be4 would win.} 30. Qb8+ Kf7 31. Bd4 d2 32. Re2 {[%emt 0:01:30] [#]} Be5 $1 33. Rxe5 {[%emt 0:00:00] Weighted Error Value: White=0.59/
Black=0.24 (precise)} (33. Bxe5 d1=Q+) 0-1

[Event "44th Chess Olympiad Open 2022"]
[Site "Chennai"]
[Date "2022.08.03"]
[Round "6.63"]
[White "Peter Majur Manyang"]
[Black "Espirito Santo, Waldyr"]
[Result "1-0"]
[WhiteElo "2095"]
[BlackElo "1922"]
[Annotator "NA RC"]
[PlyCount "189"]
[EventDate "2022.??.??"]
[TimeControl "60"]

1. e4 e6 2. d4 d5 3. Nd2 Nf6 4. e5 Nfd7 5. Bd3 c5 6. c3 Nc6 7. Ndf3 Be7 8. h4 cxd4 9. cxd4 Qb6 10. Ne2 h6 11. Rh3 f5 12. Rg3 g5 13.
hxg5 hxg5 14. Kf1 g4 15. Nfg1 Bh4 16. b4 Bxg3 17. fxg3 Rh1 18. b5 Ncxe5 19. dxe5 Nxe5 20. Bb2 Nxd3 21. Qxd3 Bd7 22. a4 Rc8 23. Bd4 Qa5 24. Qe3 Rc4 25. Qg5 Rxd4 26. Qg8+ Ke7 27. Qg7+ Ke8 28. Qxd4 Kf7 29. Rc1 a6 30. bxa6 bxa6 31. Nc3 Qc7 32. Kf2 Qc4 33. Qxc4 dxc4 34. Rb1 Kf6 35. Rb6 Bc8 36. Nge2 Ra1 37. Rb4 a5 38. Rb5 Ra3 39. Rxa5 e5 40. Rc5 Be6 41. Ke3 Bf7 42. Kd2 Be6 43. Nc1 f4 44. gxf4 exf4 45. N1e2 f3 46. gxf3 gxf3 47. Ne4+ Ke7 48. N2c3 Ra1 49. Ke3 Rf1 50. Re5 Kd7 51. Rh5 Ke7 52. Kf4 Bf7 53. Rh7 Kf8 54. Kf5 Rg1 55. Rh3 Rf1 56. Kf6 Bg8 57. Rh8 Re1 58. Rh5 Re3 59. Rf5 Bh7 60. Rc5 Ke8 61. Nd6+ Kd7 62. Nxc4 Re6+ 63. Kg7 Re7+ 64. Kh6 Be4 65. Nb6+ Ke8 66. Nd1 Kf7 67. Nc4 Kf6 68. Kh5 Bf5 69. Kh4 Be4 70. Nf2 Ba8 71. Kg3 Rg7+ 72. Kf4 Rg2 73. Ke3 Rg1 74. Nb6 Re1+ 75. Kf4 Bb7 76. Nd5+ Ke6 77. Ne3 Ra1 78. a5 Ra4+ 79. Kg3 Kd6 80. Rh5 Kc7 81. Nfd1 Kb8 82. Nc3 Ra3 83. Rc5 Ra1 84. Ned5 Rc1 85. Nb4 Rg1+ 86. Kf2 Rg2+ 87. Kf1 Rb2 88. Rb5 Ka8 89. Rb6 Bc8 90. Nd1 Bh3+ 91. Kg1 Rb1 92. Kh2 Rxd1 93. Nc6 Rd8 94. Nxd8 f2 95. Nc6 1-0

[Event "44th Chess Olympiad Open 2022"]
[Site "Chennai"]
[Date "2022.08.03"]
[Round "6.63"]
[White "Ajak Mach Duany"]
[Black "Pereira, Sergio Murilo de Ar"]
[Result "1-0"]
[WhiteElo "2029"]
[BlackElo "2093"]
[Annotator "NA RC"]
[PlyCount "117"]
[EventDate "2022.??.??"]
[TimeControl "60"]

1. e4 c5 2. Nc3 e6 3. f4 d5 4. e5 Nc6 5. Nf3 Bd7 6. Bb5 d4 7. Ne4 Nxe5 8.
fxe5 Bxb5 9. d3 Bc6 10. Nfg5 Bxe4 11. Nxe4 Qc7 12. Bf4 O-O-O 13. O-O Qd7 14. Bg5 Re8 15. Qf3 h6 16. Bd2 f5 17. exf6 Nxf6 18. Nxf6 gxf6 19. Qxf6 Rh7 20. Bf4 e5 21. Bg3 Bd6 22. Rae1 Re6 23. Qf5 Rhe7 24. Qe4 Qc6 25. Qxc6+ bxc6 26. b3 Kc7 27. Re4 Kb6 28. Bh4 Rd7 29. Rf6 Rde7 30. Rxe6 Rxe6 31. Be1 Kb5 32. a4+ Ka6 33. Bd2 Bf8 34. g4 Kb6 35. Kg2 Kc7 36. h4 Kd6 37. g5 hxg5 38.
hxg5 Re7 39. Kg3 Ke6 40. Kg4 Rh7 41. Re2 Rh1 42. Be1 Rh7 43.
Bg3 Bg7 44. Rh2 Rxh2 45. Bxh2 Bf8 46. Bg3 Bg7 47. Bh4 Bf8 48. g6 Bg7 49. Bg5 Bh8 50. Bh6 Bf6 51. g7 Kf7 52. Kf5 Bd8 53.
Kxe5 Bc7+ 54. Ke4 a5 55. Kf5 Bd8 56. g8=Q+ Kxg8 57. Ke6 Kh7 58. Bf8 Bb6 59. Kd7 1-0

[Event "44th Chess Olympiad Open 2022"]
[Site "Chennai"]
[Date "2022.08.03"]
[Round "6.63"]
[White "Lima, Osvaldo Dos Santos"]
[Black "Madol Garang Panthoum"]
[Result "0-1"]
[WhiteElo "1863"]
[BlackElo "1985"]
[Annotator "NA RC"]
[PlyCount "64"]
[EventDate "2022.??.??"]
[TimeControl "60"]

1. c4 e5 2. Nc3 Nc6 3. g3 f5 4. Bg2 Nf6 5. e3 Bb4 6. Nge2 O-O 7. a3 Bxc3 8. Nxc3 e4 9. O-O Ne5 10. b3 c6 11. f3 d5 12. d4 Nd3 13. fxe4 fxe4 14. Ne2 g5 15. Bd2 Ng4 16. Rxf8+ Qxf8 17. Qf1 Qh6 18. h3 Ngf2 19. g4 Bxg4 20. hxg4 Rf8 21. Nf4 gxf4 22. exf4 Nxg4 23. Bh3 Kh8 24. Bxg4 Rg8 25. Qg2 Qh4 26. Rf1 Rxg4 27. f5 Rxg2+ 28. Kxg2 Qg4+ 29. Kh1 Qe2 30. Kg1 Qxd2 31. f6 Qg5+ 32. Kh2 Nf4 0-1

[Event "44th Chess Olympiad Open 2022"]
[Site "Chennai"]
[Date "2022.08.03"]
[Round "6.63"]
[White "Alegre, Fabio Costa"]
[Black "Gong Thon Gong"]
[Result "1/2-1/2"]
[WhiteElo "1809"]
[BlackElo "2176"]
[Annotator "NA RC"]
[PlyCount "169"]
[EventDate "2022.??.??"]
[TimeControl "60"]

1. c4 e5 2. Nc3 f5 3. g3 Nf6 4. Bg2 Bc5 5. e3 Nc6 6. Nge2 e4 7. O-O Ne5 8. d4 exd3 9. Nf4 Nxc4 10. Nxd3 Be7 11. b3 Nb6 12. a4 a5 13. h4 O-O 14. Nf4 c6 15. Bb2 d5 16. Qd4 Rf7 17. Rfd1 Bd7 18. Qd3 Ne4 19. Nce2 Bf6 20. Bd4 Nc8 21. Rac1 Ne7 22. Qb1 Ng6 23. Nd3 Qe7 24. Qb2 Nf8 25. Ne5 Bxe5 26. Bxe5 Re8 27. Bc7 Ra8 28. Qa1 Ne6 29. Be5 N6c5 30. Rb1 Na6 31. Nf4 Nb4 32. Rbc1 Nc5 33. Rb1 Ne6 34. Nh3 h6 35. Rd2 Re8 36. Qb2 g5 37. hxg5 hxg5 38. f4 g4 39. Nf2 Nf8 40. Re1 Ng6 41. Bc3 Rh7 42. Bf6 Qf8 43. Nh1 Na6 44. Bg5 Nc5 45. Qc3 Rf7 46. Nf2 b6 47. Nd3 Ne6 48. b4 axb4 49. Qxb4 Qxb4 50. Nxb4 Ra8 51. Rc1 Nxg5 52. fxg5 Ne5 53. Nxd5 cxd5 54. Bxd5 Nf3+ 55. Bxf3 gxf3 56. Rb1 Bc6 57. Rxb6 Be4 58. Rb4 Rb7 59. Rxb7 Bxb7 60. Rd4 Rc8 61. Rd2 Be4 62. Rd4 Rc2 63. g4 Rg2+ 64. Kf1 Rxg4 65. a5 Rg2 66. a6 Ra2 67. Rd6 Rxa6 68. Rxa6 Bd3+ 69. Kf2 Bxa6 70. Kxf3 Bb7+ 71. Kf4 Be4 72. g6 Kg7 73. Kg5 Bb1 74. Kh5 Kf6 75. Kh6 Ba2 76. Kh5 Be6 77. Kh6 Ke5 78. Kh5 Ke4 79. Kg5 Kxe3 80. Kf6 f4 81. Kxe6 f3 82. g7 f2 83. g8=Q f1=Q 84. Qg5+ Ke4 85. Qg2+ 1/2-1/2

[Event "44th Chess Olympiad Open 2022"]
[Site "Chennai"]
[Date "2022.08.03"]
[Round "6.64"]
[White "Paiva, Donaldo"]
[Black "Jimma, Desalegn Fekadu"]
[Result "1-0"]
[WhiteElo "2191"]
[BlackElo "2112"]
[Annotator "TA"]
[PlyCount "83"]
[EventDate "2022.??.??"]
[TimeControl "60"]

1. d4 d5 2. c4 e6 3. Nf3 c6 4. Nc3 Nf6 5. e3 Bd6 6. Qc2 Nbd7 7. b3 O-O 8. Be2 dxc4 {[%emt 0:04:17] D45: Semi-Slav: 5 e3.} (8... b6 $11 {
should be considered.}) 9. bxc4 $14 c5 10.
O-O a6 {[%emt 0:00:33] White is slightly better.} 11. a4 Qc7 {[%emt 0:01:32] [#]} 12. a5 $146 ({
Predecessor:} 12. h3 b6 13. d5 Bb7 14. dxe6 fxe6 15. Ng5 Rae8 16. Bg4 Bh2+ 17.
Kh1 Be5 18. Bb2 {½-½ (41) Gurevich,D (2580)-Sevillano,E (2490) Chicago 1997})
12... Re8 13. d5 exd5 14.
cxd5 Ne5 15. h3 (15. Nd2 $1
$16) 15... Bd7 16. Nd2 {[%emt 0:03:53] f4 is the strong
threat.} c4 17. e4 (17. Rd1 $14) 17... Bb4
$17 18. Ba3 Bxa5 (18... Qxa5
19. Bxb4 Qxb4 20. Rfb1 $11) 19. d6 Qc6 20. f4 Nd3 21. e5 Bxc3 22. Qxc3 Ne4 23. Nxe4 Qxe4 24. Bxd3 cxd3 25. Rae1 Qd5 26. Re3 Bb5 {[%emt 0:00:
00] Threatens to win with ...Rac8.} 27. Rd1 Rec8 (27... Rac8 $5 28. Qd2 Qd4 $17) 28. Qb2 g6
$2 {[%emt 0:01:21] [#]} (28... Rc2 $2 29. Qxc2 Qxd6 30. exd6 $18) (28... Re8
$11 {and Black has nothing to worry.}) 29. f5 $1 $18 {[%emt 0:01:39] Strongly
threatening e6.} Re8 {[%emt 0:05:24] Prevents e6.} (29... gxf5 30. Rg3+ Kf8 31.
e6) (29... Rc2 $2 30. Qxc2 Qxd6 31. Qb2 $18) 30. h4 f6 $2 (30... gxf5 {leads to mate.} 31. Rg3+ Kh8 32. e6+) (30... h5
$16) 31. e6 Qxf5 32. Qb3 ({
Not} 32. e7 Rac8 33. Rf3 Qe5 34. Qb3+ Bc4 $18) 32... Qf4 33.
Rdxd3 (33. e7+ $18 {and the rest is easy.} Bc4 34. Qb6) 33...
Bxd3 $2 {[%emt 0:10:54] This costs Black the game.} (33... Bc4 $16 34. Qc3 (34.
Qxb7 Bxd3 35. Rxd3 Qe5 $11) 34... Bxe6) 34. Rxd3 Qxh4 (34... Qe5 $142 35. e7+ Kg7) 35. e7+ Kg7 36. Qe6 {[%emt 0:00:07] Threatening mate with d7. Active
counter play!} Rec8 37. d7 Rc2 38. e8=N+ (38. Qe3 $142 Qg4 39. Rd2 Rac8 40. e8=N+ Kg8
41. Nxf6+ Kh8 42. d8=Q+ Rxd8 43. Rxd8+ Kg7 44. Rg8+ Kxf6 45. Qe7+ Kf5 46. Rf8#)
38... Kh8 {[%emt 0:00:59] ( -> ...Qf2+)} 39. Qxf6+ Qxf6 40. Nxf6 {[%emt 0:00:06] Intending Re3 and mate.} b5 41. Re3 Kg7 42. Re8 {[%emt 0:00:10]
Weighted Error Value: White=0.52/Black=0.82} (42. Ne8+ $142 Kg8 43. Re7 b4 44.
Bxb4 Rc1+ 45. Kh2 Rf1 {[#]} 46. Nf6+ $1 Rxf6 47. Re8+ Kg7 48. Rxa8) 1-0

[Event "44th Chess Olympiad Open 2022"]
[Site "Chennai"]
[Date "2022.08.03"]
[Round "6.64"]
[White "Abera, Aydagnuhem Gezachew"]
[Black "Vasco Mateus Felizardo Viagei"]
[Result "1-0"]
[WhiteElo "2137"]
[BlackElo "1852"]
[Annotator "NA RC"]
[PlyCount "81"]
[EventDate "2022.??.??"]
[TimeControl "60"]

1. e4 c5 2. Nf3 d6 3. d4 cxd4 4. Nxd4 Nf6 5. Nc3 a6 6. Be3 e6 7. f3 d5 8. exd5 Nxd5 9. Nxd5 Qxd5 10. Bd3 Bc5 11. Qd2 O-O 12. Nb3 Bxe3 13.
Qxe3 Nc6 14. O-O-O Qh5 15. h4 Nb4 16. g4 Nd5 17. Qg5 Qxg5+ 18. hxg5 g6 19. Be4 Ne3 20. Rd3 Ng2 21. Rd2 Nf4 22. Rdh2 h5 23.
gxh6 f5 24. Bd3 Bd7 25. Rd2 Bc6 26. Nd4 Bd5 27. Re1 Kf7 28.
g5 Rad8 29. Bf1 b5 30. a3 Rfe8 31. Re5 Bc4 32. Bxc4 bxc4 33. Ne2 Nh3 34. f4 Nf2 35. Rc5 Rxd2 36. Rc7+ Kg8 37. Kxd2 e5 38. fxe5 Ne4+ 39. Kc1 Nxg5 40. Rg7+ Kh8 41. Nf4 1-0

[Event "44th Chess Olympiad Open 2022"]
[Site "Chennai"]
[Date "2022.08.03"]
[Round "6.64"]
[White "Badene, Habtamu Bayu"]
[Black "Rafael Chirinza"]
[Result "1-0"]
[WhiteElo "2011"]
[BlackElo "1725"]
[Annotator "NA RC"]
[PlyCount "80"]
[EventDate "2022.??.??"]
[TimeControl "60"]

1. e4 c6 2. d4 d5 3. Nc3 dxe4 4. Nxe4 Bf5 5. Ng3 Bg6 6. Nf3 Nd7 7. Bd3 e6 8. O-O Ngf6 9. Re1 Bd6 10. Nf5 Bxf5 11. Bxf5 Qa5 12. Bd3 h6 13. Bd2 Qc7 14. h3 O-O-O 15. c4 g5 16. c5 Bf8 17. Qe2 Nd5 18. b4 Bg7 19. a4 Rde8 20. b5 Nb8 21. a5 cxb5 22. Bxb5 Re7 23. a6 bxa6 24. Bxa6+ Nxa6 25. Qxa6+ Qb7 26. Qa4 Rc7 27. Ba5 Rc6 28. Reb1 Qa8 29. Bb6 a6 30. Qc4 Kb7 31. Nd2 Nxb6 32. d5 exd5 33. Qxd5 Rd8 34. Qxf7+ Kc8 35. Qxg7 Rxd2 36. cxb6 Qb7 37. Rxa6 Qxa6 38. b7+ Kd8 39. b8=Q+ Qc8 40. Qf8+ Kd7 1-0

[Event "44th Chess Olympiad Open 2022"]
[Site "Chennai"]
[Date "2022.08.03"]
[Round "6.64"]
[White "Jamal, Hamid Harmon Gulamo"]
[Black "Gole, Habtamu Ashenafi"]
[Result "1-0"]
[WhiteElo "1617"]
[BlackElo "2044"]
[Annotator "NA RC"]
[PlyCount "141"]
[EventDate "2022.??.??"]
[TimeControl "60"]

1. e4 c5 2. Nf3 d6 3. d4 cxd4 4. Nxd4 Nf6 5. Nc3 a6 6. h3 g6 7. g4 Bg7 8. Bg2 O-O 9. Be3 Nc6 10. Qd2 Ne5 11. b3 Bd7 12. g5 Nh5 13.
f4 Nc6 14. Nde2 Rc8 15. Bf3 Qa5 16. Bxh5 gxh5 17. Rd1 e6 18. Kf2 d5 19. exd5 Ne7 20. Bd4 Bxd4+ 21. Qxd4 Nf5 22. Qe5 Rxc3 23. Qxc3 Qb6+ 24. Ke1 Rc8 25. Qd3 Qa5+ 26. c3 Bb5 27. Qd2 Bxe2 28. Kxe2 Rxc3 29. dxe6 Qb5+ 30. Ke1 Re3+ 31. Kf2 Rxe6 32. Rhe1 Qc5+ 33. Kg2 Qc6+ 34. Kh2 Qf3 35. Rxe6 Qg3+ 36. Kh1 Qxh3+ 37. Kg1 Qg4+ 38. Kf2 Qg3+ 39. Kf1 Qf3+ 40. Ke1 Qh1+ 41. Ke2 Qg2+ 42. Kd3 Qd5+ 43. Kc2 Qxe6 44. Re1 Qc8+ 45. Qc3 Qxc3+ 46. Kxc3 h4 47. Kd3 Kg7 48. Ke4 Ng3+ 49. Kf3 Kg6 50. Kg4 Nf5 51. Re5 h6 52. gxh6 Nxh6+ 53. Kxh4 f6 54. Rc5 Nf5+ 55. Kg4 Ne3+ 56. Kf3 Nf5 57. Rc7 b6 58. Rc8 a5 59. Rg8+ Kf7 60. Rb8 b5 61. Ke4 Ke6 62. Re8+ Ne7 63.
f5+ Kd6 64. Rxe7 Kxe7 65. Kd5 b4 66. Kc6 Ke8 67. Kd6 Kf7 68.
Kd7 Kf8 69. Ke6 Kg7 70. Ke7 Kh6 71. Kxf6 1-0

[Event "44th Chess Olympiad Open 2022"]
[Site "Chennai"]
[Date "2022.08.03"]
[Round "6.65"]
[White "Fellman, Mike"]
[Black "Kwong, Wing Ki"]
[Result "1-0"]
[WhiteElo "2107"]
[BlackElo "1824"]
[Annotator "NA RC"]
[PlyCount "123"]
[EventDate "2022.??.??"]
[TimeControl "60"]

1. d4 Nf6 2. c4 g6 3. f3 d5 4. cxd5 Nxd5 5. e4 Nb6 6. Nc3 Bg7 7. Be3 Nc6 8. d5 Ne5 9. f4 Ng4 10. Bd4 e5 11. Bc5 Bd7 12. Be2 exf4 13.
Nf3 Ne5 14. O-O Nxf3+ 15. Rxf3 Be5 16. Qd2 g5 17. Raf1 Rg8 18. Kh1 Qf6 19. g3 O-O-O 20. Nb5 Bxb5 21. Bxb5 a6 22. Be2 Qh6 23. g4 f5 24. exf5 Rxd5 25. Qb4 Rgd8 26. Bg1 Kb8 27. Rb3 f3 28. Bxf3 Rd2 29. Bg2 Re2 30. Rh3 Qf6 31. Re3 Rxb2 32. Qe4 Rd5 33. Rb1 Rxb1 34. Qxb1 Rb5 35. Rb3 Rxb3 36. Qxb3 Bd4 37. Qg8+ Ka7 38. Qxh7 Bxg1 39. Qxc7 Nd5 40. Bxd5 Qb6 41. Qxb6+ Bxb6 42. Kg2 Bd4 43. Kf3 Kb6 44. Ke4 Bf6 45. h4 gxh4 46. Kf4 Kc7 47. g5 Bd8 48. f6 Kd6 49. Bxb7 Ke6 50. Bc8+ Kd6 51. Kg4 Ke5 52. Bxa6 h3 53. Kxh3 Kf5 54. Kh4 Kg6 55. Kg4 Ba5 56. Bd3+ Kf7 57. Kf5 Kg8 58. g6 Kh8 59. g7+ Kh7 60. Kg5+ Kg8 61. Bc4+ Kh7 62. g8=Q# 1-0

[Event "44th Chess Olympiad Open 2022"]
[Site "Chennai"]
[Date "2022.08.03"]
[Round "6.65"]
[White "Gerena Rivas, Eliam"]
[Black "Lau, Lut Yin Luke"]
[Result "1-0"]
[WhiteElo "2102"]
[BlackElo "2027"]
[Annotator "NA RC"]
[PlyCount "147"]
[EventDate "2022.??.??"]
[TimeControl "60"]

1. e4 e5 2. Nf3 Nf6 3. Nxe5 d6 4. Nf3 Nxe4 5. Nc3 Nf6 6.
d4 Be7 7. Bd3 O-O 8. h3 b6 9. Ne2 Bb7 10. Ng3 c5 11. O-O g6 12. Re1 Nc6 13.
Bg5 Nd5 14. Rxe7 Ncxe7 15. c4 f6 16. Bh6 Nb4 17. Bxf8 Qxf8 18. d5 Re8 19. Bb1 f5 20. a3 Na6 21. Bc2 Nc7 22. Qd2 Qf6 23.
Rb1 Ba6 24. Bd3 b5 25. cxb5 Bb7 26. Qa5 Ncxd5 27. Qxa7 Ba8 28. Bc4 Kh8 29. b6 Nc6 30. Qa6 Nb8 31. Qxa8 Nxb6 32. Qb7 Nxc4 33. Qb5 Qf7 34. Ng5 Qe7 35. Qxc4 Qxg5 36. Rd1 Qf6 37. b4 cxb4 38. axb4 Nd7 39. Qc6 Qe7 40. Rxd6 Ne5 41. Qd5 f4 42. Ne4 f3 43. Nf6 Rf8 44. Re6 Qc7 45.
Qc5 Qxc5 46. bxc5 Nd3 47. c6 Nc5 48. Re8 Rxe8 49. Nxe8 Na4 50. c7 Nb6 51. Nd6 fxg2 52. c8=Q+ Nxc8 53. Nxc8 Kg7 54. Kxg2 Kf6 55. Nd6 Ke5 56. Nc4+ Kd5 57. Nd2 Ke5 58. Kg3 h6 59. Kg4 Kd5 60. f4 Ke6 61. Ne4 Ke7 62. h4 Ke6 63. Ng3 Kf6 64. h5 g5 65.
Ne4+ Ke6 66. Nxg5+ hxg5 67. fxg5 Kf7 68. Kf5 Kg7 69. h6+ Kh7 70. Kf6 Kh8 71. g6 Kg8 72. h7+ Kh8 73. g7+ Kxh7 74. Kf7 1-0

[Event "44th Chess Olympiad Open 2022"]
[Site "Chennai"]
[Date "2022.08.03"]
[Round "6.65"]
[White "Deng, Yu Dong Michael"]
[Black "Rodriguez Santiago, Jaime"]
[Result "1/2-1/2"]
[WhiteElo "2028"]
[BlackElo "2067"]
[Annotator "NA RC"]
[PlyCount "82"]
[EventDate "2022.??.??"]
[TimeControl "60"]

1. d4 d5 2. c4 c6 3. Nf3 Nf6 4. Nc3 e6 5. e3 Nbd7 6. Bd3 dxc4 7. Bxc4 b5 8.
Bd3 Bb7 9. e4 a6 10. O-O Be7 11. e5 Nd5 12. Nxd5 cxd5 13. Be3 O-O 14. Nd2 g6 15. Bh6 Re8 16. f4 Qb6 17. Nf3 Nb8 18. g4 Nc6 19. Bc2 Nxd4 20.
Nxd4 Bc5 21. Kg2 Bxd4 22. Rb1 Be3 23. Qf3 Rac8 24. Bd3 d4 25.
Be4 Bxe4 26. Qxe4 Qc6 27. Qxc6 Rxc6 28. h4 f6 29. exf6 Kf7 30. Bg5 h6 31. Bxh6 e5 32. Bg5 e4 33. f5 Bxg5 34. hxg5 gxf5 35. Rxf5 d3 36. Rh1 Rc2+ 37. Kg3 d2 38. Rd5 e3 39. Rh7+ Ke6 40.
Rhd7 e2 41. R5d6+ Ke5 1/2-1/2

[Event "44th Chess Olympiad Open 2022"]
[Site "Chennai"]
[Date "2022.08.03"]
[Round "6.65"]
[White "Kannappan, Thanneermalai"]
[Black "Zilleruelo Irizarry, Diego"]
[Result "0-1"]
[WhiteElo "1699"]
[BlackElo "2081"]
[Annotator "NA RC"]
[PlyCount "118"]
[EventDate "2022.??.??"]
[TimeControl "60"]

1. e4 c6 2. d4 d5 3. exd5 cxd5 4. c4 Nf6 5. Nc3 g6 6. Qb3 Bg7 7. cxd5 O-O 8. Be2 Na6 9. Bxa6 bxa6 10. Nge2 Nd7 11. Bf4 Nb6 12. Be5 Bb7 13. Nf4 Qd7 14. Bxg7 Kxg7 15. O-O Qf5 16. Nfe2 Rab8 17. Ng3 Qd7 18. Nge4 Bxd5 19. Nxd5 Nxd5 20. Qa3 Nb4 21. Rad1 Qd5 22. Nc3 Qc4 23. Qa5 Nc6 24. Qa3 Rfd8 25. d5 Nb4 26. Qa5 Nc2 27. b3 Qb4 28. Qxb4 Nxb4 29. Rfe1 Rbc8 30. Re3 Nxd5 31. Red3 e6 32. f3 Rc5 33. Kf2 Nxc3 34. Rxc3 Rxc3 35. Rxd8 Rc2+ 36. Kg3 Rxa2 37. Rd7 g5 38. Rxa7 h5 39. h4 gxh4+ 40. Kxh4 Kg6 41. Ra8 Kf5 42. Kg3 e5 43. Rh8 Rb2 44. Ra8 Ra2 45. Rh8 Ra3 46. Ra8 Ra1 47. Rh8 Rh1 48. Kf2 h4 49. Ke3 Rb1 50. Rb8 Rb2 51. Rb4 a5 52. Rb5 Rxg2 53. Rxa5 Rg8 54. Ra1 Rb8 55. Rb1 Rb4 56. Rb2 h3 57. Rb1 h2 58. Kf2 Rxb3 59. Rh1 Kf4 0-1

[Event "44th Chess Olympiad Open 2022"]
[Site "Chennai"]
[Date "2022.08.03"]
[Round "6.66"]
[White "Ursus van Bemmelen"]
[Black "Salim Issa, Ali Shamas"]
[Result "1/2-1/2"]
[WhiteElo "2145"]
[BlackElo "1851"]
[Annotator "NA RC"]
[PlyCount "61"]
[EventDate "2022.??.??"]
[TimeControl "60"]

1. d4 Nf6 2. Nf3 e6 3. c4 d5 4. Bg5 Be7 5. e3 c6 6. Nc3 Nbd7 7. Bd3 O-O 8. O-O b6 9. Rc1 Bb7 10. Qe2 Re8 11. Rfd1 a6 12. h3 h6 13. Bf4 dxc4 14. Bxc4 Nd5 15. Bg3 Nf8 16. e4 Nf6 17. Ne5 b5 18.
Bb3 Qb6 19. d5 exd5 20. exd5 cxd5 21. Nxd5 Nxd5 22. Bxd5 Bxd5 23. Rxd5 Bf6 24. Qd3 Re6 25. Nd7 Nxd7 26. Rxd7 Rae8 27. Rcc7 Rf8 28. Qd2 Be5 29. Bxe5 Rxe5 30. Re7 Rxe7 31. Rxe7 1/2-1/2

[Event "44th Chess Olympiad Open 2022"]
[Site "Chennai"]
[Date "2022.08.03"]
[Round "6.66"]
[White "Al Maashani, Amer"]
[Black "Willem Blijstra"]
[Result "1-0"]
[WhiteElo "1947"]
[BlackElo "2198"]
[Annotator "NA RC"]
[PlyCount "53"]
[EventDate "2022.??.??"]
[TimeControl "60"]

1. e4 c5 2. Nf3 d6 3. d4 cxd4 4. Nxd4 Nf6 5. Nc3 a6 6. Be3 e6 7. g4 e5 8. Nf5 g6 9. g5 gxf5 10. exf5 Bxf5 11. gxf6 Nd7 12. Qf3 Be6 13. O-O-O Qc7 14. Bh3 O-O-O 15. Nd5 Qc6 16. Bxe6 fxe6 17. Ne7+ Bxe7 18. Qxc6+ bxc6 19. fxe7 Rde8 20. Rxd6 Rxe7 21.
Rxc6+ Kb7 22. Rd6 Ra8 23. Rhd1 Nf8 24. Rb6+ Kc7 25. Rdd6 a5 26. Rdc6+ Kd8 27. Bg5 1-0